 Dungeon Crawl Stone Soup version 0.29-a0-664-gff9cad4a3d (webtiles) character file.

Game seed: 805229382468855602

51 happo123 the Gusty (level 3, 0/20 HPs)
             Began as a Tengu Air Elementalist on June 22, 2022.
             Slain by Crazy Yiuf
             ... wielding a +3 quarterstaff of chaos
              (6 damage)
             ... on level 2 of the Dungeon.
             The game lasted 00:11:49 (1363 turns).

happo123 the Gusty (Tengu Air Elementalist)         Turns: 1363, Time: 00:11:50

Health: 0/20       AC:  2    Str:  8    XL:     3   Next: 81%
Magic:  2/7        EV: 17    Int: 17    God:
Gold:   70         SH:  0    Dex: 14    Spells: 0/6 levels left

rFire   . . .      SeeInvis .   k - +0 dagger
rCold   . . .      Faith    .   (no shield)
rNeg    . . .      Spirit   .   a - +0 robe
rPois   .          Reflect  .   (helmet restricted)
rElec   .          Harm     .   (no cloak)
rCorr   .          Rampage  .   (no gloves)
Will    +....                   (boots unavailable)
Stlth   ++........              (no amulet)
HPRegen 0.06/turn               e - ring of willpower
MPRegen 0.10/turn               (no ring)

@: agile, swift, very slightly contaminated, quick
A: beak, talons 3
a: no special abilities


You were on level 2 of the Dungeon.
You visited 1 branch of the dungeon, and saw 2 of its levels.

You collected 70 gold pieces.

Inventory:

Hand Weapons
 k - a +0 dagger (weapon)
Missiles
 i - 6 silver javelins
Armour
 a - a +0 robe (worn)
Jewellery
 e - a ring of willpower (left hand)
Scrolls
 c - 4 scrolls of identify {unknown}
 d - 2 scrolls of teleportation {unknown}
 h - a scroll of fog {unknown}
 j - a scroll of vulnerability {unknown}
 l - a scroll of acquirement {unknown}
Potions
 b - 2 potions of magic
 f - a potion of curing {unknown}
 g - a potion of flight {unknown}


   Skills:
 + Level 0.7 Fighting
 + Level 2.5 Dodging
 + Level 2.2 Stealth
 + Level 2.2 Spellcasting
 * Level 2.6 Conjurations
 * Level 4.7 Air Magic


You couldn't memorise any spells.
You knew the following spells:

 Your Spells              Type           Power      Damage    Failure   Level
a - Shock                 Conj/Air       56%        1d6       4%          1
b - Static Discharge      Conj/Air       14%        N/A       6%          2
c - Swiftness             Air            18%        N/A       8%          3

Your spell library contained the following spells:

 Spells                   Type           Power      Damage    Failure   Level
 Apportation              Tloc           2%         N/A       19%         1
 Necrotize                Necr           4%         1d4       19%         1
 Summon Small Mammal      Summ           4%         N/A       19%         1
 Airstrike                Air            9%         N/A       26%         4
 Confusing Touch          Hex            1%         N/A       50%         3
 Yara's Violent Unravell  Hex/Tmut       0%         3d3       99%         5
 Enfeeble                 Hex            0%         N/A       100%        7


Dungeon Overview and Level Annotations

Branches:
Dungeon (2/15)

Altars:

Shops:
D:1 (([

Annotations:
D:2 Crazy Yiuf


Innate Abilities, Weirdness & Mutations

You have a beak for a mouth.
You have claws for feet.


Message History

Aiming: Shock (safe; 4% risk of failure)
Press: ? - help, Q - select action, (/) - cycle Shift-Dir - straight line, p - gnoll The zap misses the gnoll.
The zap hits the gnoll.
The gnoll is heavily wounded.
Aiming: Shock (safe; 4% risk of failure)
Press: ? - help, Q - select action, (/) - cycle Shift-Dir - straight line The zap hits the gnoll.
You kill the gnoll!
The endoplasm hits you but does no damage.
You hit the endoplasm.
The endoplasm is almost dead.
The endoplasm closely misses you.
You hit the endoplasm.
You kill the endoplasm!
Things that are here:
a +0 flail; a gnoll corpse
Things that are here:
a +0 dagger; a goblin corpse You now have 70 gold pieces (gained 4).
Found a scroll labelled VEZXAX BEZODD.
l - a scroll labelled VEZXAX BEZODD
Found a mace.
Found a runed translucent door.
Crazy Yiuf shouts!
You open the door.
Crazy Yiuf laughs, "Spliff!
Shower bush ena."
Casting: Shock (safe; 4% risk of failure)
Confirm with . or Enter, or press ? or * to list all spells.
You miscast Static Discharge.
You are very lightly contaminated with residual magic.
Nothing appears to happen.
Crazy Yiuf hits you with a +3 quarterstaff of chaos!
Ouch! That really hurt!
* * * LOW HITPOINT WARNING * * *
You feel agile all of a sudden.
Casting: Static Discharge (safe; 6% risk of failure)
Confirm with . or Enter, or press ? or * to list all spells.
The spell is quite dangerous to miscast (8% risk of failure)!
Continue anyway?
You feel quick.
Crazy Yiuf hits you with a +3 quarterstaff of chaos.
You die...

#..........####....#
#.##.......# ##..##
#.##.####### #...##
#.##.#.....# ##...#
#....#.....# ##.##
...#.#.....# ##.#
.#.........# #.##
...#.......# ##.#
.#.........# #@##
...#.......# #g#
.#.........# ...
...#.......# #...#
.#.........# #)..#
..# ...#.......#
##### ..#
.#...#####.# ..#
...#.# #.########
#.# ##... #........#
#.#


You could see Crazy Yiuf.

Vanquished Creatures
  A gnoll (D:2)
  2 dart slugs (D:1)
  3 bats
  6 endoplasms
  2 giant cockroaches (D:1)
  5 goblins
  3 hobgoblins
  2 kobolds (D:1)
  A quokka (D:1)
  A ball python (D:1)
  4 frilled lizards (D:1)
  4 rats (D:1)
34 creatures vanquished.

Vanquished Creatures (others)
  A plant (D:1)
1 creature vanquished.

Grand Total: 35 creatures vanquished

Notes
Turn   | Place    | Note
-------+----------+-------------------------------------------
     0 | D:1      | happo123 the Tengu Air Elementalist began the quest for the
                  | Orb.
     0 | D:1      | Reached XP level 1. HP: 10/10 MP: 4/4
   201 | D:1      | Reached XP level 2. HP: 15/15 MP: 4/6
   204 | D:1      | Learned a level 2 spell: Static Discharge
   322 | D:1      | Found Akeapn's Weapon Shoppe.
   430 | D:1      | Found Nonir's Antique Weapon Shoppe.
   559 | D:1      | Reached XP level 3. HP: 20/20 MP: 5/7
   758 | D:1      | Found Tyaphew's Armour Shop.
   834 | D:1      | Found a faded altar of an unknown god.
  1209 | D:2      | Learned a level 3 spell: Swiftness
  1357 | D:2      | Found a runed translucent door.
  1358 | D:2      | Noticed Crazy Yiuf
  1363 | D:2      | Slain by Crazy Yiuf

Illustrated notes

Levels and vault maps discovered:
D:1:      dpeg_arrival_erosion, layout_basic, ebering_ecumenical_altar_rust,
          serial_forest, infiniplex_forest_straight_5,
          infiniplex_forest_lined_room_, infiniplex_forest_clump_curved,
          infiniplex_forest_lined_2, infiniplex_forest_clump_diagonal,
          infiniplex_forest_zigzag_2, infiniplex_forest_clump_diagonal,
          infiniplex_forest_3_way, serial_shops, nicolae_shop_waterfront,
          nicolae_square_shop, nicolae_shop_hallway_plus, dk_noncrumbling_3
D:2:      layout_basic, basic_altar, grunt_decor_one_mirror,
          minmay_misc_feat_pillars, minmay_tetromino_l2, uniq_robin,
          uniq_sigmund, uniq_crazy_yiuf_cottage

Skill      XL: |  1  2 |
---------------+-------+-----
Conjurations   | 2 |  2.6
Fighting       | |  0.7
Dodging        | |  2.5
Stealth        | |  2.2
Spellcasting   | |  2.2
Air Magic      | |  4.7

Action                   || total
-------------------------++-------
Melee: Unarmed           ||    14
       Kick              ||     7
       Dagger            ||     6
       Peck              ||     2
 Cast: Shock             ||    44
       Swiftness         ||     1
 Stab: Sleeping          ||     1
Armor: Robe              ||     2
Dodge: Dodged            ||    11

Table legend: (Time is in decaauts)
 A = Elapsed time spent in this place.
 B = Non-inter-level travel time spent in this place.
 C = Inter-level travel time spent in this place.
 D = Time resting spent in this place.
 E = Time spent auto-exploring this place.
 F = Levels seen in this place.
 G = Mean time per level.
                   A        B        C        D        E       F      G
               +--------+--------+--------+--------+--------+-----+--------+
         Total |   1362 |    949 |    413 |      0 |    634 |   2 |  681.0 |
       Dungeon |   1362 |    949 |    413 |      0 |    634 |   2 |  681.0 |
               +--------+--------+--------+--------+--------+-----+--------+

Top non-repeatable levels by time:
     D:1: 1133 daAuts
     D:2: 228 daAuts
